 Dungeon Crawl Stone Soup version 0.24.1-8-ga250c9d538 (webtiles) character file.

Game seed: 4956997461286476663, levelgen mode: deterministic

28 FTLSpaceWarp the Sneak (level 2, 0/13 HPs)
             Began as a Spriggan Enchanter on May 3, 2020.
             Succumbed to an adder's poison
             ... on level 2 of the Dungeon.
             The game lasted 00:04:34 (1368 turns).

FTLSpaceWarp the Sneak (Spriggan Enchanter)         Turns: 1368, Time: 00:04:34

Health: 0/13       AC:  2    Str:  4    XL:     2   Next: 96%
Magic:  6/6        EV: 18    Int: 16    God:
Gold:   78         SH:  0    Dex: 16    Spells: 3/6 levels left

rFire    . . .     SeeInvis +   a - +1 dagger
rCold    . . .     Gourm    .   (shield restricted)
rNeg     . . .     Faith    .   b - +0 robe
rPois    .         Spirit   .   (helmet restricted)
rElec    .         Reflect  .   (no cloak)
rCorr    .         Harm     .   (gloves unavailable)
MR       .....                  (boots unavailable)
Stlth    +++.......             (no amulet)
HPRegen  0.04/turn              (no ring)
MPRegen  0.10/turn              (no ring)

@: lethally poisoned (0 -> -5), very quick
A: very small, unfitting armour, see invisible, herbivore, speed 3, slow
metabolism 2
a: no special abilities


You were on level 2 of the Dungeon.
You were not hungry.

You visited 1 branch of the dungeon, and saw 2 of its levels.

You collected 78 gold pieces.

Inventory:

Hand Weapons
 a - a +1 dagger (weapon)
Armour
 b - a +0 robe (worn)
Jewellery
 f - an uncursed amulet of the gourmand {unknown}
Scrolls
 c - 5 scrolls of identify {unknown}
 e - a scroll of enchant armour {unknown}
 h - a scroll of teleportation {unknown}
 i - a scroll of amnesia {unknown}
 k - a scroll of noise {unknown}
Potions
 g - a potion of curing {unknown}
 j - a potion of cancellation {unknown}
Comestibles
 d - 4 rations


   Skills:
 * Level 2.2 Short Blades
 - Level 3.0 Dodging
 * Level 5.2 Stealth
 + Level 2.6 Spellcasting
 + Level 3.9 Hexes


You had 3 spell levels left.
You knew the following spells:

 Your Spells              Type           Power        Failure   Level  Hunger
a - Corona                Hex            ##.....      3%          1    #......
b - Ensorcelled Hibernat  Hex/Ice        #.....       13%         2    ##.....

Your spell library contained the following spells:

 Spells                   Type           Power        Failure   Level  Hunger
 Confuse                  Hex            ##......     12%         3    ###....
 Tukima's Dance           Hex            ##......     12%         3    ###....
 Dazzling Spray           Conj/Hex       #.....       26%         3    ###....


Dungeon Overview and Level Annotations

Branches:
Dungeon (2/15)

Altars:


Innate Abilities, Weirdness & Mutations

You are very small and have problems with some larger weapons.
You are too small for most types of armour.
You have supernaturally acute eyesight. (SInv)
You are a herbivore.
You cover ground extremely quickly.
You need to consume almost no food.


Message History

The adder poisons you!
You hit the adder.
The adder is lightly wounded.
You feel sick. The adder bites you.
You are lethally poisoned!
The adder poisons you!
You barely miss the adder. The adder completely misses you.
You feel sick.
You see here a goblin corpse.
You feel sick.
* * * LOW HITPOINT WARNING * * *
You feel sick. The adder misses you.
You see here 30 sling bullets.
You see here a goblin corpse.
* * * LOW HITPOINT WARNING * * *
You feel sick.
You see here 21 bolts.
* * * LOW HITPOINT WARNING * * *
You feel sick.
You die...

#%. #.#
##..#..#.. #.## #
#.# #...##...#
#.##.#
#.####....##.##
#.##.##
#.##.(........
#.#...##
#..........####
#..###.###
#..#.......#
#<.#.....#
#..###....##
##.#.....#####..#
#....#
##........@....#
####....
##.....######.#
...# #...).....
..# ..#
#.#..##### ### #
#.#.## #.#.#
#.#.# #.#.# #.#


There were no monsters in sight!

Vanquished Creatures
  An ooze (D:1)
  7 bats
  2 giant cockroaches (D:1)
  3 goblins
  3 hobgoblins (D:1)
  4 frilled lizards (D:1)
  2 kobolds (D:1)
  A rat (D:1)
23 creatures vanquished.

Notes
Turn   | Place    | Note
-------+----------+-------------------------------------------
     0 | D:1      | FTLSpaceWarp the Spriggan Enchanter began the quest for the
                  | Orb.
     0 | D:1      | Reached XP level 1. HP: 9/9 MP: 5/5
   685 | D:1      | Reached XP level 2. HP: 12/13 MP: 6/6
   798 | D:1      | Reached skill level 5 in Stealth
  1251 | D:1      | Learned a level 2 spell: Ensorcelled Hibernation
  1368 | D:2      | Succumbed to an adder's poison

Levels and vault maps discovered:
D:1:      dpeg_arrival_court, layout_rooms
D:2:      layout_loops_ring, evilmike_ruin_ashenzari, minmay_box_of_dots

Skill      XL: |  1  2 |
---------------+-------+-----
Short Blades   | 2 |  2.2
Stealth        | 5 |  5.2
Dodging        | |  3.0
Spellcasting   | |  2.6
Hexes          | |  3.9

Action                   || total
-------------------------++-------
Melee: Dagger            ||   103
 Stab: Sleeping          ||     9
Armor: Robe              ||     8
Dodge: Dodged            ||    88
